 Dungeon Crawl Stone Soup version 0.22-a0-240-g539252a (webtiles) character file.

0 Amnesiac the Charlatan (level 1, 0/9 HPs)
             Began as a Spriggan Artificer on Feb 21, 2018.
             Slain by a frilled lizard (1 damage)
             ... on level 4 of the Dungeon.
             The game lasted 00:02:27 (575 turns).

Amnesiac the Charlatan (Spriggan Artificer)          Turns: 575, Time: 00:02:28

Health: 0/9        AC:  2    Str:  8    XL:     1   Next: 0%
Magic:  4/4        EV: 18    Int: 12    God:
Gold:   113        SH:  0    Dex: 16    Spells: 0/0 levels left

rFire    . . .     SeeInvis +   a - +0 short sword
rCold    . . .     Gourm    .   (shield restricted)
rNeg     . . .     Faith    .   b - +0 robe
rPois    .         Spirit   .   (helmet restricted)
rElec    .         Reflect  .   (no cloak)
rCorr    .         Harm     .   (gloves unavailable)
MR       .....                  (boots unavailable)
Stlth    ++........             (no amulet)
HPRegen  0.03/turn              (no ring)
MPRegen  0.09/turn              (no ring)

@: very quick
A: very small, unfitting armour, see invisible, herbivore, speed 3, slow
metabolism 2
a: no special abilities


You were on level 4 of the Dungeon.
You were not hungry.

You visited 1 branch of the dungeon, and saw 4 of its levels.

You collected 113 gold pieces.

Inventory:

Hand Weapons
 a - a +0 short sword (weapon)
Missiles
 g - 45 stones (quivered)
Armour
 b - a +0 robe (worn)
Wands
 c - a wand of flame (15)
 d - a wand of enslavement (10)
 e - a wand of random effects (12)
Scrolls
 h - 2 scrolls of random uselessness {!r, unknown}
 i - a scroll of enchant armour {!r, unknown}
 j - 2 scrolls of fog {!r, unknown}
 l - a scroll of remove curse {!r, unknown}
 m - a scroll of identify {!r, unknown}
Potions
 k - 4 potions of curing {!q, unknown}
Comestibles
 f - 4 rations


   Skills:
 + Level 0.7 Fighting
 + Level 1.1 Short Blades
 + Level 3.0 Dodging
 + Level 1.5 Stealth
 + Level 4.0 Evocations


You couldn't memorise any spells.
You didn't know any spells.

Dungeon Overview and Level Annotations

Branches:
Dungeon (4/15)
 Temple: D:4-7

Altars:
The Shining One

Annotations:
D:4 tidbits's ghost, weakling GnMo


Innate Abilities, Weirdness & Mutations

You are very small and have problems with some larger weapons.
You are too small for most types of armour.
You have supernaturally acute eyesight. (SInv)
You are a herbivore.
You cover ground extremely quickly.
You need consume almost no food.


Message History

Evoke which item? (* to show all) (? for menu, Esc to quit)
Aiming: Enslavement
Press: ? - help, Shift-Dir - straight line, f/p - tidbits's ghost
Aim: tidbits's ghost (fast, chance to defeat MR: 64%) Tidbits's ghost struggles to resist.
Evoke which item? (* to show all) (? for menu, Esc to quit)
Aiming: Enslavement
Press: ? - help, Shift-Dir - straight line, f/p - tidbits's ghost
Aim: tidbits's ghost (fast, chance to defeat MR: 64%) Tidbits's ghost struggles to resist.
Tidbits's ghost closely misses you.
Evoke which item? (* to show all) (? for menu, Esc to quit)
Aiming: Random Effects
Press: ? - help, Shift-Dir - straight line, f/p - tidbits's ghost
Aim: tidbits's ghost (fast)
Okay, then.
Evoke which item? (* to show all) (? for menu, Esc to quit)
Aiming: Enslavement
Press: ? - help, Shift-Dir - straight line, f - adder, p - tidbits's ghost
Aim: an adder (chance to defeat MR: 67%)
The adder struggles to resist.
Tidbits's ghost hits you!
Ouch! That really hurt!
* * * LOW HITPOINT WARNING * * *
The adder closely misses you.
Evoke which item? (* to show all) (? for menu, Esc to quit)
Aiming: Enslavement
Press: ? - help, Shift-Dir - straight line, f/p - adder
Aim: an adder (chance to defeat MR: 67%)
The adder is charmed.
Tidbits's ghost barely misses you.
Tidbits's ghost assumes a wrestling stance.
Tidbits's ghost completely misses you.
You swap places.
Something closely misses your adder. What are your orders? t - Shout!
Orders for allies: a - Attack new target. p - Attack previous target. r - Retreat! s - Stop attacking. g - Guard the area. f - Follow me.
Anything else - Cancel.
Gang up on whom?
Press: ? - help, Dir - move target cursor, f - tidbits's ghost, p - adder
Aim: tidbits's ghost (fast) Attack!
Tidbits's ghost barely misses your adder.
Tidbits's ghost hits your adder!
Your adder dies!
Tidbits's ghost sneers, "Only the weak need weapons."
Evoke which item? (* to show all) (? for menu, Esc to quit)
Aiming: Random Effects
Press: ? - help, Shift-Dir - straight line, f/p - tidbits's ghost
Aim: tidbits's ghost (fast)
The fireball explodes!
The fireball engulfs tidbits's ghost.
Tidbits's ghost is heavily damaged.
Evoke which item? (* to show all) (? for menu, Esc to quit)
Aiming: Random Effects
Press: ? - help, Shift-Dir - straight line, f/p - tidbits's ghost
Aim: tidbits's ghost (heavily damaged, fast)
The bolt of negative energy hits tidbits's ghost.
Tidbits's ghost completely resists.
Tidbits's ghost is heavily damaged.
The frilled lizard hisses angrily.
The frilled lizard unfolds its giant frill.
The frilled lizard misses you. The frilled lizard bites you.
You die...

##..#
#.#
#..##
#.#
#...#
#.#
#...#
#.#
##..#
#.# #..#
#.#
#..##
#.#
##..#
#.# #@.#
#W# #.l#
#.#
##.###.#
#>.W..#
#######


You could see a frilled lizard.

Vanquished Creatures (others)
  An adder (D:4)
1 creature vanquished.

Notes
Turn   | Place    | Note
-------+----------+-------------------------------------------
     0 | D:1      | Amnesiac the Spriggan Artificer began the quest for the Orb.
     0 | D:1      | Reached XP level 1. HP: 9/9 MP: 4/4
   394 | D:4      | Noticed a worker ant
   421 | D:4      | Noticed a scorpion
   423 | D:4      | Found a glowing golden altar of the Shining One.
   478 | D:4      | Noticed an orc warrior
   540 | D:4      | Noticed tidbits's ghost (weakling GnMo)
   575 | D:4      | Slain by a frilled lizard

Vault maps used:
D:1:      nzn_arrival_depleted_hourglass
D:2:      nemelex_xobeh_ov_fountains_minmay, first_ration,
          kennysheep_generic_room_7
D:3:      lemuel_crystal_altar, led_sif_book
D:4:      old_standard_altar, uniq_crazy_yiuf_cottage, uniq_edmund

Action                   || total
-------------------------++-------
Evoke: Wand              ||     8
Armor: Robe              ||     3
Dodge: Dodged            ||    18

Table legend:
 A = Spawn XP
 B = Non-spawn XP
 C = Spawn XP percentage of total XP
 D = Spawn monster count
 E = Non-spawn monster count
 F = Spawn count percentage of total count
 G = Total turns spent on level
                    A         B        C        D         E        F      G
               +---------+---------+-------+---------+---------+-------+---------
         Total |       0 |       0 |   N/A |       0 |       0 |   N/A |   575
               +---------+---------+-------+---------+---------+-------+---------
               +---------+---------+-------+---------+---------+-------+---------
